 Dungeon Crawl Stone Soup version 0.27-a0-1416-g941b2bd30b (webtiles) character file.

Game seed: 7545981847171275986

58 Arzdou the Sneak (level 3, 0/17 HPs)
             Began as a Spriggan Enchanter on June 30, 2021.
             Killed from afar by Ijyb (17 damage)
             ... with a bolt of acid
             ... on level 4 of the Dungeon on July 1, 2021.
             The game lasted 00:13:19 (4841 turns).

Arzdou the Sneak (Spriggan Enchanter)               Turns: 4841, Time: 00:13:19

Health: 0/17       AC:  3    Str:  4    XL:     3   Next: 75%
Magic:  17/17      EV: 17    Int: 17    God:
Gold:   230        SH:  0    Dex: 15    Spells: 2/8 levels left

rFire    . . .     SeeInvis +   a - +1 dagger
rCold    . . .     Faith    .   (shield restricted)
rNeg     . . .     Spirit   .   b - +1 robe
rPois    .         Reflect  .   (helmet restricted)
rElec    .         Harm     .   (no cloak)
rCorr    .         Rampage  .   (gloves unavailable)
Will     .....                  (boots unavailable)
Stlth    +++.......             (no amulet)
HPRegen  0.05/turn              e - ring of flight
MPRegen  0.15/turn              q - ring of magical power

@: flying, very quick
A: very small, no large weapons, unfitting armour, see invisible, speed 3
a: no special abilities


You were on level 4 of the Dungeon.
You visited 1 branch of the dungeon, and saw 4 of its levels.

You collected 230 gold pieces.

Inventory:

Hand Weapons
 a - a +1 dagger (weapon)
Armour
 b - a +1 robe (worn)
Magical Staves
 j - a staff of conjuration
Jewellery
 e - a ring of flight (left hand)
 q - a ring of magical power (right hand)
Wands
 p - a wand of flame (17)
Scrolls
 d - a scroll of enchant armour
 f - a scroll of enchant weapon {unknown}
 h - a scroll of blinking {unknown}
 i - a scroll of magic mapping {unknown}
 l - a scroll of fog {unknown}
 o - a scroll of teleportation {unknown}
 t - a scroll of noise {unknown}
Potions
 c - 4 potions of heal wounds {unknown}
 g - 3 potions of curing {unknown}
 k - a potion of mutation {unknown}
 m - a potion of flight {unknown}
 n - 2 potions of might {unknown}
 r - a potion of brilliance {unknown}
 s - a potion of cancellation {unknown}


   Skills:
 * Level 0.9 Fighting
 + Level 1.6 Short Blades
 * Level 3.1 Dodging
 + Level 5.2 Stealth
 + Level 3.1 Spellcasting
 + Level 4.2 Hexes


You had 2 spell levels left.
You knew the following spells:

 Your Spells              Type           Power      Damage    Failure   Level
a - Corona                Hex            18%        N/A       3%          1
b - Ensorcelled Hibernat  Hex/Ice        18%        N/A       11%         2
c - Tukima's Dance        Hex            17%        N/A       9%          3

Your spell library contained the following spells:

 Spells                   Type           Power      Damage    Failure   Level
 Magic Dart               Conj           8%         1d3       17%         1
 Searing Ray              Conj           4%         3d3       26%         2
 Confusing Touch          Hex            17%        N/A       9%          3
 Dazzling Flash           Conj/Hex       18%        N/A       22%         3
 Spider Form              Tmut/Pois      1%         N/A       45%         3
 Fulminant Prism          Conj/Hex       4%         3d6       58%         4
 Shadow Creatures         Summ           N/A        N/A       100%        6


Dungeon Overview and Level Annotations

Branches:
Dungeon (4/15)
 Temple: D:4-7

Altars:

Portals:
Abyss: D:3

Annotations:
D:2 1 runed translucent door, Crazy Yiuf
D:3 2 transporters, Statics's ghost, amateur GnFi
D:4 Ijyb


Innate Abilities, Weirdness & Mutations

You are very small and have problems with some larger weapons.
You are too small for most types of armour.
You have supernaturally acute eyesight. (SInv)
You cover ground extremely quickly. (Speed+++)


Message History

You closely miss the orc. The orc completely misses you.
You hit the orc.
The orc is moderately wounded.
The orc barely misses you.
You hit the orc but do no damage.
The orc is moderately wounded.
The orc completely misses you.
You hit the orc.
The orc is moderately wounded.
The orc misses you.
You hit the orc but do no damage.
The orc is moderately wounded.
The orc completely misses you.
You hit the orc but do no damage.
The orc is moderately wounded.
The orc completely misses you.
You hit the orc.
The orc is severely wounded.
The orc barely misses you.
You hit the orc.
You kill the orc!
No target in view!
Magic restored.
HP restored.
Things that are here:
a +0 flail; a +0 leather armour Partly explored, unvisited transporter.
There is an open door here.
There is an open door here.
There is a stone staircase leading down here.
You fly downwards.
There is a stone staircase leading up here.
Saving game... please wait.
Welcome back, Arzdou the Spriggan Enchanter.
Press ? for a list of commands and other information.
Ijyb the Twisted Goblin comes into view.
She is wielding a +0 club and carrying a wand of acid (3).
Ijyb shouts!
Ijyb zaps a wand.
The bolt of acid hits you!
Ouch! That really hurt!
You die...

##.####.......##..#
#
##.......##.....#..#
# #.....# #.......#
## #..###g#
#.##....###. #.##
#..##..#.... ##.##
##....###....
#..###.###.# #####
#...#.## ### #
#@...## ###.#.#
#####


You could see Ijyb.

Vanquished Creatures
  A worm (D:2)
  2 dart slugs
  3 orcs (D:3)
  3 ball pythons
  2 endoplasms (D:3)
  2 giant cockroaches
  6 goblins
  A hobgoblin (D:3)
  4 jackals (D:1)
  3 quokkas
  2 bats (D:1)
  11 frilled lizards
  2 kobolds (D:1)
  2 rats
44 creatures vanquished.

Vanquished Creatures (collateral kills)
  An orc (D:4)
1 creature vanquished.

Vanquished Creatures (others)
  7 plants (D:3)
7 creatures vanquished.

Grand Total: 52 creatures vanquished

Notes
Turn   | Place    | Note
-------+----------+-------------------------------------------
     0 | D:1      | Arzdou the Spriggan Enchanter began the quest for the Orb.
     0 | D:1      | Reached XP level 1. HP: 9/9 MP: 5/5
   400 | D:1      | Reached XP level 2. HP: 11/13 MP: 4/6
   444 | D:1      | Learned a level 2 spell: Ensorcelled Hibernation
  1914 | D:2      | Reached XP level 3. HP: 2/17 MP: 5/8
  2203 | D:2      | Upgraded the game from 0.27-a0-1384-g1422d76b99 to
                  | 0.27-a0-1416-g941b2bd30b
  2486 | D:2      | Found a runed translucent door.
  2487 | D:2      | Noticed Crazy Yiuf
  2915 | D:3      | Reached skill level 5 in Stealth
  2988 | D:3      | Found a faded altar of an unknown god.
  3024 | D:3      | Learned a level 3 spell: Tukima's Dance
  3744 | D:3      | Noticed an ancient zyme
  3748 | D:3      | Noticed a small abomination
  3751 | D:3      | Found a one-way gate to the infinite horrors of the Abyss.
  3751 | D:3      | Noticed Statics's ghost (amateur GnFi)
  3781 | D:3      | Found a transporter.
  3787 | D:3      | Found a transporter.
  4830 | D:4      | Noticed Ijyb
  4841 | D:4      | Killed from afar by Ijyb

Illustrated notes

Levels and vault maps discovered:
D:1:      onia_arrival_mini_spirals, layout_loops_corners, minmay_distorted
D:2:      layout_loops_cross, uniq_crazy_yiuf_cottage
D:3:      layout_loops_corners, gammafunk_ghost_abyssal_escape,
          hellmonk_ecumenical_altar_lost_god, minmay_lizard_king
D:4:      layout_layer_cave, slow_altar_1, kennysheep_path_1, uniq_ijyb

Skill      XL: |  1  2  3 |
---------------+----------+-----
Hexes          | 4 |  4.2
Spellcasting   | 3 |  3.1
Stealth        | 5 |  5.2
Dodging        | 3 |  3.1
Fighting       | |  0.9
Short Blades   | |  1.6

Action                   || total
-------------------------++-------
Melee: Dagger            ||   169
 Cast: Corona            ||    10
       Ensorcelled Hiber ||    26
       Tukima's Dance    ||     2
  Use: Scroll            ||     1
 Stab: Sleeping          ||    18
Armor: Robe              ||    13
Dodge: Dodged            ||   130

Table legend: (Time is in decaauts)
 A = Elapsed time spent in this place.
 B = Non-inter-level travel time spent in this place.
 C = Inter-level travel time spent in this place.
 D = Time resting spent in this place.
 E = Time spent auto-exploring this place.
 F = Levels seen in this place.
 G = Mean time per level.
                   A        B        C        D        E       F      G
               +--------+--------+--------+--------+--------+-----+--------+
         Total |   3656 |   3587 |     69 |    712 |   2343 |   4 |  914.0 |
       Dungeon |   3656 |   3587 |     69 |    712 |   2343 |   4 |  914.0 |
               +--------+--------+--------+--------+--------+-----+--------+

Top non-repeatable levels by time:
     D:1: 1421 daAuts
     D:3: 1216 daAuts
     D:2: 764 daAuts
     D:4: 254 daAuts
